Map: Ever Dream LE

Players

Armani - Winner!

  • Race: Zerg Zerg
  • League: Master
  • Spawn Location: 1:00

DPGCure (Cure)

  • Race: Terran Terran
  • League: Master
  • Spawn Location: 7:00

VOD

https://youtu.be/o6zyTWNxoyE

Description

Time

  • Played on: June 26, 2020, 8:25 a.m.
  • Length: 5:07
Show
View Real Time Build Order
Export as new Build Order

Armani Zerg - Winner!

Build Orders: Hatch First, Zergling Baneling 

Get SALT Encoding   

  12  0:00  Drone  
  13  0:12  Overlord  
  13  0:17  Drone  
  14  0:31  Drone x2  
  16  0:47  Hatchery  
  15  0:51  Drone  
  15  0:55  Drone  
  17  0:58  Drone  
  18  1:09  Extractor  
  17  1:14  Spawning Pool  
  17  1:17  Drone  
  17  1:21  Drone  
  18  1:27  Drone  
  19  1:44  Drone  
  19  2:01  Queen, Zergling x6  
  24  2:08  Queen  
  24  2:14  Zergling x2  
  25  2:30  Metabolic Boost  
  25  2:32  Drone  
  24  2:42  Zergling x2  
  24  2:47  Zergling x2  
  24  2:50  Zergling x2  
  26  2:56  Overlord  
  26  3:01  Zergling x2  
  27  3:06  Zergling x2  
  28  3:15  Zergling x2  
  28  3:16  Zergling x6  
  32  3:26  Baneling Nest  
  31  3:27  Zergling x2  
  31  3:32  Zergling x2  
  33  3:35  Zergling x2  
  33  3:39  Zergling x2  
  35  3:44  Overlord  
  35  3:53  Zergling x2  
  33  4:10  Zergling x10  
  33  4:16  Baneling x4  
  38  4:18  Baneling  
  38  4:20  Baneling  
  38  4:30  Zergling x2  
  38  4:31  Zergling x2  
  39  4:33  Baneling  
  39  4:36  Baneling  
Show
View Real Time Build Order
Export as new Build Order

DPGCure Terran 

Build Orders:  

Get SALT Encoding   

  12  0:00  SCV  
  13  0:12  SCV  
  14  0:18  Supply Depot  
  14  0:25  SCV  
  15  0:40  Barracks  
  15  0:49  Barracks  
  15  0:53  SCV  
  16  0:59  Refinery  
  16  1:05  SCV  
  17  1:17  SCV  
  18  1:26  Marine  
  18  1:29  Orbital Command  
  19  1:36  Marine  
  19  1:38  Supply Depot  
  20  1:44  Marine  
  20  1:54  Marine  
  20  1:57  SCV  
  22  2:02  Marine  
  23  2:09  SCV  
  23  2:10  Bunker  
  23  2:12  Marine  
  23  2:13  Bunker  
  25  2:20  Marine  
  25  2:21  SCV  
  27  2:33  SCV  
  27  2:34  Marine  
  26  2:44  Marine, Factory  
  26  2:45  SCV  
  28  2:52  Marine  
  28  2:57  SCV  
  30  2:58  Supply Depot  
  30  3:04  Marine  
  31  3:14  Supply Depot  
  31  3:20  Marine, SCV  
  31  3:24  Refinery  
  33  3:28  Factory Reactor  
  33  3:29  Starport  
  33  3:32  SCV  
  33  3:33  Marine  
  36  3:44  SCV  
  36  3:46  Supply Depot  
  27  4:03  Command Center  
  27  4:06  Hellion x2  
  27  4:09  Starport Tech Lab  
  31  4:10  SCV  
  32  4:28  Hellion x2  
  36  4:37  Engineering Bay  
  39  4:40  Engineering Bay x2  
Tags
 
Add a new tag
Caveats
  • Supply blocks, unpowered buildings, or Contaminate may cause inaccurate times.
  • Supply counts are checked every 10 seconds.